 Dungeon Crawl Stone Soup version bcrawl-1.19.1 (webtiles) character file.

Game seed: 8907180126419382586

3399 Mrkan the Grappler (level 9, -6/93 HPs)
             Began as a Troll Monk on Nov 26, 2019.
             Was an Elder of Dithmenos.
             Mangled by a death yak (16 damage)
             ... on level 7 of the Dungeon.
             The game lasted 00:13:06 (5396 turns).

Mrkan the Grappler (Troll Monk)                     Turns: 5396, Time: 00:13:06

Health: -6/93      AC:  9    Str: 21    XL:     9   Next: 75%
Magic:  9/9        EV: 10    Int: 10    God:    Dithmenos [****..]
Gold:   376        SH:  0    Dex: 12    Spells: 8/8 levels left

rFire    . . .     SeeInvis .     - Unarmed
rCold    . . .     Gourm    +   (no shield)
rNeg     . . .     Faith    .   (armour unavailable)
rPois    .         Spirit   .   a - +0 hat
rElec    .         Reflect  .   s - +0 cloak
rCorr    .         Harm     .   (gloves unavailable)
MR       .....                  (boots unavailable)
Stlth    ++........             (no amulet)
HPRegen  0.65/turn              (no ring)
MPRegen  0.11/turn              (no ring)

@: very slightly contaminated, wreathed by umbra, invisible
A: large, almost no armour, unfitting armour, claws 3, fast metabolism 3,
gourmand, regeneration 1, AC +8
a: Shadow Step, Renounce Religion


You were on level 7 of the Dungeon.
You worshipped Dithmenos.
Dithmenos was greatly pleased with you.
You were completely stuffed.

You visited 1 branch of the dungeon, and saw 7 of its levels.
You also visited: Sewer.

You collected 376 gold pieces.

Inventory:

Missiles
 r - 125 javelins (quivered)
Armour
 a - a +0 hat (worn)
 s - a +0 cloak (worn)
Jewellery
 b - an uncursed amulet of guardian spirit
 m - an uncursed ring of resist corrosion {unknown}
 n - an uncursed ring of resist corrosion {unknown}
 p - an uncursed ring of stealth {unknown}
 C - a +6 amulet of reflection
Wands
 t - a wand of acid (5)
 u - a wand of iceblast (6)
 A - a wand of disintegration (13)
 E - a wand of enslavement (6)
Scrolls
 o - 2 scrolls of teleportation
 q - a scroll of immolation {unknown}
 v - 3 scrolls of remove curse {unknown}
 w - a scroll of magic mapping {unknown}
 y - a scroll of fear {unknown}
 H - a scroll of noise {unknown}
Potions
 d - a potion of ambrosia
 e - 6 potions of curing
 f - 2 potions of magic
 i - 2 potions of heal wounds
 j - 4 potions of brilliance
 l - 2 potions of degeneration
 x - 3 potions of flight
 z - a potion of lignification
 B - 2 potions of agility
 G - a potion of haste
Comestibles
 c - 18 rations {!d}
 g - 7 chunks of flesh


   Skills:
 + Level 7.1 Fighting
 * Level 6.6 Throwing
 - Level 2.4 Dodging
 - Level 1.1 Stealth
 - Level 9.2 Unarmed Combat
 - Level 2.0 Invocations


You had 8 spell levels left.
You didn't know any spells.
Your spell library was empty.

Dungeon Overview and Level Annotations

Branches:
Dungeon (7/12)             Temple (0/1) D:4
   Lair: D:7-9

Altars:
Ashenzari
Cheibriados
Dithmenos
Lugonu
Ru
Trog
The Shining One

Shops:
D:4 %   D:5 *


Innate Abilities, Weirdness & Mutations

You cannot wear most types of armour.
Your thick skin is tough. (AC +8)
You are too large for most types of armour.
You have claws for hands.
Your metabolism is lightning-fast.
You like to eat raw meat.
Your natural rate of healing is unusually fast.


Message History

The death yak is severely wounded.
The death yak gores you.
* * * LOW HITPOINT WARNING * * *
You scratch the death yak but do no damage.
The death yak is severely wounded.
The death yak barely misses you.
You barely miss the death yak.
The death yak is severely wounded.
The death yak snorts and paws the ground.
The death yak gores you.
* * * LOW HITPOINT WARNING * * *
You scratch the death yak.
The death yak is severely wounded.
The death yak barely misses you.
You scratch the death yak.
The death yak is severely wounded.
You barely miss the death yak.
The death yak is severely wounded.
The death yak gores you!
You die...

##..##.## ### ###.Y##...## #..
#.S.##.....## #.#
#...#.......### #.#
##..))..._..r.c########.#####
#>...#.......#rSY...........##
#..(.##....l###########.###..#
#.######..c############Y####.#
#......##.##.@YYYScc.........$
#....Y.....############.####..
######.....# #... .#. #.....#
#####. . ##.#### #. # #.# #.
#S# #. #o### #Yc.#


You could see 3 death yaks, 2 centaurs and an adder.

Vanquished Creatures
  An unseen horror (D:6)
  2 hippogriffs (D:6)
  Grinder (D:6)
  Duvessa (D:6)
  A crocodile (D:7)
  An orc warrior (D:7)
  An ice beast (D:4)
  3 sky beasts
  Purgy (Sewer)
  2 ogres
  2 centaurs
  3 bullfrogs (D:6)
  Dowan (D:6)
  2 scorpions
  2 howler monkeys (D:4)
  2 crimson imps
  A centaur zombie (D:5)
  A centaur skeleton (D:5)
  2 hounds (D:6)
  3 orc priests
  An iguana (D:5)
  5 orc wizards (D:5)
  Terence (D:3)
  5 worker ants
  2 hound skeletons
  3 adders
  2 river rats (D:7)
  2 oozes
  2 adder zombies
  7 worms
  4 dart slugs
  3 leopard geckos
  20 orcs
  A ball python (D:3)
  4 bats
  5 giant cockroaches
  13 goblins
  10 hobgoblins
  7 jackals
  4 quokkas
  2 frilled lizards
  A jackal skeleton (D:5)
  11 kobolds
  A leopard gecko zombie (D:5)
  9 rats
158 creatures vanquished.

Notes
Turn   | Place    | Note
-------+----------+-------------------------------------------
     0 | D:1      | Mrkan the Troll Monk began the quest for the Orb.
     0 | D:1      | Reached XP level 1. HP: 22/22 MP: 1/1
   119 | D:1      | Reached XP level 2. HP: 29/29 MP: 2/2
   413 | D:1      | Reached XP level 3. HP: 34/36 MP: 3/3
   430 | D:1      | Reached skill level 4 in Unarmed Combat
   955 | D:2      | Found a shadowy altar of Dithmenos.
   969 | D:2      | Became a worshipper of Dithmenos the Shadowed
   969 | D:2      | Reached * piety under Dithmenos
   969 | D:2      | Reached ** piety under Dithmenos
  1283 | D:2      | Gained mutation: Your natural rate of healing is unusually
                  | fast. [Troll growth]
  1283 | D:2      | Reached XP level 4. HP: 42/45 MP: 2/4
  1661 | D:3      | Noticed Terence
  1669 | D:3      | Killed Terence
  1753 | D:3      | Found a shattered altar of Ashenzari.
  2114 | D:4      | Noticed an ogre
  2122 | D:4      | Killed an ogre
  2122 | D:4      | Reached skill level 5 in Unarmed Combat
  2122 | D:4      | Reached XP level 5. HP: 21/53 MP: 2/5
  2207 | D:4      | Noticed an ice beast
  2221 | D:4      | Killed an ice beast
  2221 | D:4      | Reached skill level 6 in Unarmed Combat
  2221 | D:4      | Reached XP level 6. HP: 29/62 MP: 2/6
  2354 | D:4      | Found a glowing drain.
  2362 | Sewer    | Entered a sewer
  2363 | Sewer    | HP: 3/62 [poisoned by an adder]
  2533 | Sewer    | Noticed Purgy
  2543 | Sewer    | Killed Purgy
  2604 | D:4      | Reached *** piety under Dithmenos
  2604 | D:4      | Reached XP level 7. HP: 70/70 MP: 7/7
  2614 | D:4      | Reached skill level 7 in Unarmed Combat
  2708 | D:4      | Found a staircase to the Ecumenical Temple.
  2711 | D:4      | Found Julu's Food Shoppe.
  3408 | D:5      | Entered Level 5 of the Dungeon
  3582 | D:5      | Reached skill level 8 in Unarmed Combat
  3690 | D:5      | Reached skill level 5 in Fighting
  3695 | D:5      | Reached XP level 8. HP: 78/80 MP: 8/8
  3716 | D:5      | Found Ihamempeff's Lightly-Used Armoury.
  4223 | D:6      | Found a sacrificial altar of Ru.
  4232 | D:6      | Reached skill level 9 in Unarmed Combat
  4297 | D:6      | Noticed Duvessa
  4298 | D:6      | Reached skill level 1 in Throwing
  4304 | D:6      | Killed Duvessa
  4304 | D:6      | Reached **** piety under Dithmenos
  4305 | D:6      | Noticed Dowan
  4324 | D:6      | Killed Dowan
  4666 | D:6      | Killed an unseen horror
  4666 | D:6      | Reached XP level 9. HP: 28/91 MP: 9/9
  4808 | D:6      | Found a snail-covered altar of Cheibriados.
  4831 | D:6      | Reached skill level 5 in Throwing
  4850 | D:6      | Noticed Grinder
  4853 | D:6      | Paralysed by Grinder for 3 turns
  4861 | D:6      | Killed Grinder
  5077 | D:6      | Found a glowing golden altar of the Shining One.
  5152 | D:6      | Found a bloodstained altar of Trog.
  5249 | D:7      | Found a corrupted altar of Lugonu.
  5306 | D:7      | Noticed a death yak
  5311 | D:7      | Noticed a death yak
  5313 | D:7      | Noticed a death yak
  5323 | D:7      | HP: 4/93 [death yak (25)]
  5396 | D:7      | Mangled by a death yak

Skill      XL: |  1  2  3  4  5  6  7  8  9 |
---------------+----------------------------+-----
Unarmed Combat | 4 5 6 8 9 |  9.2
Fighting       | 3 4 5 6 7 |  7.1
Throwing       | 4 6 |  6.6
Dodging        | |  2.4
Stealth        | |  1.1
Invocations    | |  2.0

Action                   |  1- 3 |  4- 6 |  7- 9 || total
-------------------------+-------+-------+-------++-------
Melee: Unarmed           |   107 |   122 |   267 ||   496
       Punch             |     1 |     2 |     6 ||     9
  Use: Scroll            |       |       |    14 ||    14
       Potion            |       |       |     2 ||     2
 Stab: Sleeping          |     1 |       |     3 ||     4
  Eat: Chunk             |    13 |     9 |    17 ||    39
Armor: Skin              |    36 |    64 |   103 ||   203
Dodge: Dodged            |    55 |    93 |   149 ||   297
Block: Other             |       |       |    40 ||    40
       Reflection        |       |       |     6 ||     6
